 Dungeon Crawl Stone Soup version 0.27.1-1-g398f81649c (webtiles) character file.

Game seed: 16088122641255934302

133 Amplified the Chopper (level 4, -3/39 HPs)
             Began as a Palentonga Monk on Sept 6, 2021.
             Was a Follower of Qazlal.
             Killed by nerve-wracking pain
             ... invoked by a shadow imp
              (6 damage)
             ... on level 5 of the Dungeon.
             The game lasted 00:03:12 (2193 turns).

Amplified the Chopper (Palentonga Monk)             Turns: 2193, Time: 00:03:12

Health: -3/39      AC:  5    Str: 15    XL:     4   Next: 93%
Magic:  4/6        EV: 10    Int: 10    God:    Qazlal [*.....]
Gold:   61         SH:  2    Dex: 13    Spells: 6/6 levels left

rFire    . . .     SeeInvis +   a - +0 hand axe
rCold    . . .     Faith    .   (no shield)
rNeg     . . .     Spirit   .   b - +1 robe
rPois    .         Reflect  .   (no helmet)
rElec    .         Harm     .   (no cloak)
rCorr    .         Rampage  .   (no gloves)
Will     .....                  (no barding)
Stlth    ++........             (no amulet)
HPRegen  0.13/turn              (no ring)
MPRegen  0.10/turn              (no ring)

@: no status effects
A: large, rugged brown scales 3, see invisible, deformed body, roll 1, armoured
tail
a: Rolling Charge, Renounce Religion


You were on level 5 of the Dungeon.
You worshipped Qazlal.
Qazlal was aware of your devotion.
You visited 1 branch of the dungeon, and saw 5 of its levels.

You collected 61 gold pieces.

Inventory:

Hand Weapons
 a - a +0 hand axe (weapon)
Armour
 b - a +1 robe (worn)
Magical Staves
 c - a staff of earth


   Skills:
 * Level 3.9 Fighting
 * Level 4.0 Axes
 - Level 2.5 Dodging
 - Level 1.2 Stealth
 * Level 1.9 Spellcasting
 * Level 1.4 Invocations


You had 6 spell levels left.
You didn't know any spells.
Your spell library contained the following spells:

 Spells                   Type           Power      Damage    Failure   Level
 Beastly Appendage        Tmut           0%         N/A       32%         1
 Wereblood                Tmut           0%         N/A       43%         2
 Spider Form              Tmut/Pois      0%         N/A       67%         3


Dungeon Overview and Level Annotations

Branches:
Dungeon (5/15)
 Temple: D:4-7

Altars:
Qazlal

Shops:
D:1 (   D:2 [


Innate Abilities, Weirdness & Mutations

You are completely covered in rugged brown scales. (AC +3, +7% HP)
You have supernaturally acute eyesight. (SInv)
Armour fits poorly on your strangely shaped body.
You can roll at nearby foes to attack.
You have a long armoured tail.


Message History

* * * LOW HITPOINT WARNING * * *
You feel drained.
Unknown command.
You barely miss the necrophage.
The necrophage is almost destroyed.
The shadow imp grinds its teeth.
The necrophage hits you.
* * * LOW HITPOINT WARNING * * *
You feel drained.
Unknown command.
You hit the necrophage.
You destroy the necrophage!
Qazlal accepts your kill.
Your life force feels restored.
Your Axes skill increases to level 4!
Your Invocations skill increases to level 1!
You have reached level 4!
You feel agile.
Unknown command.
Unknown command.
You aren't carrying any potions.
Unknown command.
Roll where?
Press: ? - help, Dir - move target, f - shadow imp
Aim: a shadow imp You roll forward with a clatter of scales!
You hit the shadow imp.
The shadow imp is severely wounded.
The shadow imp hits you.
* * * LOW HITPOINT WARNING * * *
Unknown command.
Unknown command.
You hit the shadow imp.
The shadow imp is almost dead.
The shadow imp closely misses you.
You barely miss the shadow imp.
The shadow imp is almost dead.
The shadow imp gestures at you. Pain shoots through your body!
You die...

.......
#####.......
##+#<..#......<
#...##.#.......
#...##.#...:...
#..°##.#.......
#.°.##........#
##@###........#
#5###Z.......#
#Z..5........#
######.......#
#.......#
#........
#........
#........
#........


You could see a shadow imp and a hound skeleton.

Vanquished Creatures
  A necrophage (D:5)
  An adder (D:3)
  A dart slug (D:2)
  2 endoplasms (D:1)
  A giant cockroach (D:2)
  3 goblins
  5 hobgoblins
  6 jackals (D:1)
  5 kobolds
  A quokka (D:1)
  6 ball pythons
  2 bats
  A frilled lizard (D:3)
  A rat (D:2)
36 creatures vanquished.

Notes
Turn   | Place    | Note
-------+----------+-------------------------------------------
     0 | D:1      | Amplified the Palentonga Monk began the quest for the Orb.
     0 | D:1      | Reached XP level 1. HP: 19/19 MP: 1/1
   157 | D:1      | Found Poedyob's Antique Weapon Emporium.
   432 | D:1      | Reached XP level 2. HP: 23/25 MP: 2/2
   589 | D:1      | Found a faded altar of an unknown god.
   694 | D:2      | Found Umeitebo's Armour Shoppe.
  1085 | D:2      | Reached skill level 1 in Spellcasting
  1150 | D:2      | Reached XP level 3. HP: 16/31 MP: 4/4
  1733 | D:3      | Found a stormy altar of Qazlal.
  1739 | D:3      | Became a worshipper of Qazlal Stormbringer
  1739 | D:3      | Reached * piety under Qazlal
  1739 | D:3      | Reached ** piety under Qazlal
  2146 | D:4      | Noticed a necrophage
  2163 | D:5      | Entered Level 5 of the Dungeon
  2190 | D:5      | Killed a necrophage
  2191 | D:5      | Reached skill level 4 in Axes
  2191 | D:5      | Reached skill level 1 in Invocations
  2191 | D:5      | Reached XP level 4. HP: 6/39 MP: 4/6
  2193 | D:5      | Killed from afar by a shadow imp

Illustrated notes

Levels and vault maps discovered:
D:1:      amcnicky_arrival_gap_in_the_tavern_cellar, layout_loops_ring,
          serial_shops, shop, dreamdust_ecumenical_altar_statues,
          minmay_liquid_box
D:2:      layout_rooms, serial_shops, nicolae_shop_waterfront
D:3:      layout_basic, mainiacjoe_overflow_surrounded_room,
          mainiacjoe_overflow_alcove_1, marbit_many_paths,
          mainiacjoe_overflow_alcove_4, minmay_misc_feat_four_crosses,
          st_stairs_5
D:4:      layout_basic, lemuel_coloured_pillars_altar, grunt_ministairs_1,
          uniq_natasha
D:5:      layout_basic, ebering_ghost_rock_garden, serial_shops,
          nicolae_shop_temple_entry_statues_fountains, uniq_ijyb

Skill      XL: |  1  2  3 |
---------------+----------+-----
Spellcasting   | 1 |  1.9
Axes           | 4 |  4.0
Invocations    | 1 |  1.4
Fighting       | |  3.9
Dodging        | |  2.5
Stealth        | |  1.2

Action                   |  1- 3 |  4- 6 || total
-------------------------+-------+-------++-------
Melee: Hand axe          |    99 |     3 ||   102
       Tailslap          |    18 |       ||    18
Invok: Upheaval          |     1 |       ||     1
 Abil: Rolling Charge    |     3 |     1 ||     4
  Use: Scroll            |     5 |       ||     5
       Potion            |     1 |       ||     1
 Stab: Sleeping          |     4 |       ||     4
Armor: Robe              |    84 |       ||    84
Dodge: Dodged            |   122 |     1 ||   123
Block: Other             |    12 |       ||    12
